Map: Ascension to Aiur LE

Players

RiSky - Winner!

  • Race: Zerg Zerg
  • Spawn Location: 5:00

Stilgar

  • Race: Terran Terran
  • Spawn Location: 11:00

Event: WCS Valencia 2017

VOD

Have the link to the VOD?

Description

Time

  • Played on: July 13, 2017, 7:25 a.m.
  • Length: 11:22

All games in this series

Show
View Real Time Build Order
Export as new Build Order

RiSky Zerg - Winner!

Build Orders: Hatch First, Muta Ling Bane, Swarm Host 

Get SALT Encoding   

  12  0:00  Drone  
  13  0:12  Overlord  
  13  0:16  Drone  
  14  0:30  Drone x2  
  14  0:34  Drone  
  17  0:46  Drone  
  18  0:55  Hatchery  
  17  1:03  Extractor  
  16  1:06  Drone  
  17  1:15  Spawning Pool  
  16  1:19  Drone  
  16  1:22  Drone  
  18  1:31  Overlord  
  18  1:39  Drone  
  19  1:50  Drone  
  19  2:02  Queen, Zergling x2  
  19  2:06  Queen  
  19  2:07  Zergling x2  
  25  2:13  Metabolic Boost  
  25  2:17  Drone  
  25  2:20  Drone  
  27  2:26  Drone  
  28  2:32  Overlord  
  28  2:34  Zergling x2  
  29  2:39  Drone  
  31  2:44  Drone  
  31  2:52  Drone  
  31  2:54  Overlord  
  31  2:56  Spine Crawler  
  31  3:03  Drone  
  31  3:04  Queen  
  34  3:06  Drone  
  35  3:13  Drone  
  35  3:14  Drone  
  35  3:15  Drone x2  
  38  3:20  Zergling x2  
  38  3:23  Zergling x6  
  38  3:25  Zergling x2  
  43  3:31  Overlord  
  43  3:36  Zergling x2  
  43  3:40  Queen  
  46  3:43  Spore Crawler  
  46  3:46  Queen  
  47  3:54  Drone  
  48  3:57  Drone x4  
  48  3:59  Spore Crawler  
  48  4:00  Drone  
  52  4:03  Drone  
  52  4:07  Drone  
  54  4:12  Drone  
  54  4:13  Drone  
  54  4:15  Drone x2  
  54  4:16  Overlord  
  58  4:26  Extractor x2  
  58  4:30  Hatchery  
  55  4:32  Drone  
  55  4:34  Drone  
  55  4:37  Extractor  
  55  4:38  Lair  
  56  4:40  Drone  
  56  4:44  Queen  
  59  4:46  Drone  
  59  4:49  Overlord  
  59  4:51  Drone  
  60  4:53  Drone  
  60  4:55  Drone  
  60  4:56  Drone  
  60  4:57  Drone  
  62  5:09  Drone  
  63  5:16  Zergling x2  
  63  5:19  Queen  
  63  5:25  Zergling x10  
  68  5:29  Zergling x4  
  68  5:34  Zergling x6  
  73  5:40  Zergling x4  
  73  5:54  Drone  
  74  5:57  Spire, Overlord  
  74  6:01  Drone  
  74  6:02  Drone  
  74  6:03  Drone  
  76  6:05  Overlord  
  76  6:06  Hatchery  
  76  6:10  Overlord  
  75  6:16  Drone  
  75  6:17  Drone, Overlord  
  76  6:18  Drone  
  76  6:20  Drone  
  76  6:23  Drone  
  78  6:27  Baneling Nest  
  78  6:28  Drone  
  78  6:49  Overlord  
  78  6:53  Hatchery  
  77  7:11  Baneling x3  
  77  7:12  Mutalisk x9  
  77  7:13  Mutalisk  
  97  7:17  Mutalisk  
  97  7:20  Mutalisk  
  100  7:31  Zerg Flyer Weapons Level 1  
  100  7:35  Evolution Chamber, Drone x2  
  100  7:36  Drone x2  
  103  7:38  Evolution Chamber  
  103  7:42  Drone x4  
  106  7:46  Drone  
  106  7:48  Drone x2  
  109  7:52  Drone  
  108  8:01  Baneling  
  108  8:02  Baneling x5  
  108  8:07  Extractor  
  108  8:08  Extractor, Zerg Melee Weapons Level 1, Zerg Missile Weapons Level 1  
  108  8:12  Zergling x16  
  114  8:19  Centrifical Hooks  
  113  8:22  Infestation Pit, Drone x3  
  113  8:24  Drone  
  116  8:30  Drone  
  116  8:31  Drone x2  
  116  8:32  Overlord x2  
  109  8:48  Drone  
  109  8:49  Drone x10  
  109  8:50  Overlord  
  109  8:55  Drone  
  105  9:07  Swarm Host x8  
  125  9:12  Extractor x2  
  125  9:15  Swarm Host x2  
  125  9:16  Overlord  
  129  9:20  Swarm Host  
  132  9:28  Swarm Host  
  132  9:29  Swarm Host  
  138  9:33  Pneumatized Carapace  
  138  9:36  Hatchery  
  137  9:41  Swarm Host x2  
  137  9:43  Zergling x14  
  150  9:47  Overlord  
  150  9:48  Drone  
  150  9:52  Overlord  
  151  9:53  Overlord  
  151  9:56  Overlord x2  
  151  10:05  Overlord  
  151  10:12  Overseer  
  151  10:15  Swarm Host x4  
  151  10:17  Baneling  
  151  10:18  Baneling x2  
  163  10:22  Zergling x10  
  163  10:24  Baneling x5  
  163  10:27  Overseer  
  168  10:30  Zergling x10  
  168  10:34  Swarm Host  
  174  10:41  Swarm Host x3  
  183  10:46  Swarm Host x2  
  189  10:50  Baneling x5  
  189  10:57  Drone  
  189  10:58  Drone x9  
  199  11:07  Extractor  
  199  11:09  Extractor  
Show
View Real Time Build Order
Export as new Build Order

Stilgar Terran 

Build Orders: Mech 

Get SALT Encoding   

  12  0:01  SCV  
  13  0:13  SCV  
  14  0:17  Supply Depot  
  14  0:25  SCV  
  15  0:39  SCV  
  15  0:40  Barracks  
  16  0:45  Refinery  
  16  0:51  SCV  
  16  0:55  Refinery  
  17  1:03  SCV  
  18  1:15  SCV  
  19  1:24  Supply Depot  
  19  1:27  Marine  
  19  1:32  Orbital Command  
  20  1:47  Factory  
  20  1:50  Marine  
  21  2:03  SCV  
  22  2:09  Marine  
  22  2:11  Supply Depot  
  23  2:20  SCV  
  24  2:24  Supply Depot  
  23  2:54  Marine  
  24  3:00  SCV, Armory  
  24  3:02  Starport  
  24  3:05  Factory Reactor  
  25  3:12  Supply Depot  
  25  3:13  SCV  
  26  3:25  SCV  
  27  3:30  Command Center  
  27  3:39  Medivac  
  29  3:42  Hellion  
  29  3:45  Hellion  
  34  3:48  SCV  
  34  3:53  Terran Vehicle Weapons Level 1  
  34  4:00  SCV  
  35  4:08  Hellbat  
  35  4:09  Medivac  
  39  4:10  Hellbat  
  41  4:20  SCV  
  42  4:26  Factory  
  42  4:39  Hellbat x2, Medivac  
  48  4:52  Liberator, Orbital Command  
  48  5:10  Orbital Command  
  51  5:14  Hellion  
  51  5:15  Hellion  
  55  5:26  Marine  
  55  5:28  Factory Tech Lab  
  56  5:31  Bunker  
  56  5:33  Supply Depot  
  54  5:36  Hellion  
  50  5:56  Factory  
  40  5:59  Hellion x2  
  40  6:02  Infernal Pre-Igniter  
  44  6:08  Supply Depot  
  44  6:10  SCV  
  44  6:11  SCV  
  46  6:23  Thor, SCV x2  
  54  6:29  Terran Vehicle Weapons Level 2  
  54  6:35  Hellion x5, SCV x2  
  56  6:44  Factory Tech Lab  
  56  6:47  Refinery  
  56  6:48  Supply Depot  
  56  6:49  Refinery  
  56  6:50  Medivac  
  58  6:55  Hellion x2  
  62  7:07  SCV  
  62  7:08  SCV  
  64  7:11  Supply Depot  
  64  7:19  SCV  
  64  7:20  SCV  
  66  7:39  Hellion  
  66  7:42  Hellion x6  
  66  7:51  Thor x2  
  66  7:53  Hellbat x2  
  66  7:55  Liberator  
  66  7:57  Supply Depot  
  71  8:12  Engineering Bay  
  65  8:19  SCV  
  61  8:22  SCV  
  62  8:31  SCV  
  63  8:34  SCV  
  63  8:35  Thor  
  63  8:36  Thor  
  75  8:43  SCV  
  75  8:44  Missile Turret  
  75  8:45  Terran Vehicle And Ship Armor Level 1  
  75  8:46  SCV  
  75  8:48  Missile Turret  
  74  8:50  Hi-Sec Auto Tracking  
  74  8:52  Missile Turret  
  75  8:55  SCV, Missile Turret  
  75  8:58  SCV  
  61  9:09  Marine  
  55  9:11  Hellbat  
  55  9:16  Missile Turret  
  57  9:23  SCV x2  
  59  9:27  Liberator  
  59  9:40  Hellbat  
  59  9:41  Hellbat  
  66  9:52  Thor  
  72  10:06  Missile Turret  
  72  10:16  Command Center  
  72  10:19  Thor  
  78  10:22  Hellbat  
  78  10:25  Hellbat  
  81  10:50  SCV  
  82  11:02  SCV  
Tags
 
Add a new tag
Caveats
  • Supply blocks, unpowered buildings, or Contaminate may cause inaccurate times.
  • Supply counts are checked every 10 seconds.